Map: 죽음의 밤

Players

펜타네스트

  • Race: Zerg Zerg

펜타네스트

  • Race: Terran Terran
  • Spawn Location: 0:00

VOD

Have the link to the VOD?

Description

Time

  • Played on: March 14, 2018, 2:02 p.m.
  • Length: 18:15
Show
View Real Time Build Order
Export as new Build Order

펜타네스트 Zerg 

Build Orders:  

Get SALT Encoding   

  18  0:03  Primal Drone  
  19  0:11  Primal Drone  
  19  0:19  Primal Drone  
  21  0:25  Primal Drone  
  22  0:33  Primal Drone  
  22  0:39  Extractor  
  23  0:49  Primal Drone  
  24  1:03  Primal Warden  
  25  1:10  Primal Drone  
  25  1:18  Extractor  
  26  1:24  Primal Drone  
  27  1:37  Primal Drone  
  28  1:58  Primal Drone  
  29  2:07  Glevig's Den  
  29  2:09  Primal Drone  
  29  2:27  Primal Drone  
  30  2:44  Primal Drone  
  30  2:45  Extractor  
  30  2:46  Primal Attacks Level 1  
  31  2:58  Primal Drone  
  32  3:15  Primal Drone  
  33  3:35  Primal Drone  
  33  3:39  Murvar's Den  
  33  3:45  Primal Drone  
  34  3:54  Primal Warden  
  34  3:56  Primal Warden  
  36  4:07  Primal Drone  
  37  4:17  Primal Drone  
  38  4:35  Primal Drone  
  38  4:39  Muscular Augments  
  39  4:49  Primal Drone  
  40  5:05  Primal Drone  
  41  5:17  Primal Warden  
  42  5:24  Primal Drone  
  42  5:29  Primal Attacks Level 2  
  43  5:57  Primal Drone x2  
  45  6:00  Dakrun's Den  
  44  6:10  Primal Swarm Host x3  
  53  6:25  Primal Swarm Host x2  
  59  6:37  Primal Swarm Host x2  
  65  7:04  Primal Swarm Host x2  
  71  7:14  Primal Hydralisk x2  
  75  7:31  Primal Hydralisk  
  75  7:32  Primal Hydralisk  
  79  7:40  Primal Hydralisk  
  81  7:53  Primal Hydralisk x2  
  85  8:13  Primal Hydralisk  
  85  8:14  Primal Hydralisk  
  89  8:42  Primal Hydralisk x2  
  89  8:43  Primal Hydralisk  
  91  9:01  Primal Hydralisk x2  
  91  9:02  Primal Hydralisk  
  97  9:22  Primal Hydralisk x2  
  101  9:31  Primal Hydralisk  
  101  9:32  Primal Drone  
  101  9:33  Primal Drone x3  
  107  9:45  Primal Hydralisk x2  
  111  9:55  Primal Hydralisk  
  113  10:30  Primal Hydralisk  
  113  10:31  Primal Hydralisk x3  
  113  10:34  Primal Drone x4  
  117  11:21  Primal Wurm x2  
  117  11:41  Primal Swarm Host x2  
  117  11:42  Primal Swarm Host x3  
  132  12:06  Primal Wurm  
  134  12:14  Primal Wurm  
  134  12:19  Primal Swarm Host  
  137  12:50  Primal Swarm Host  
  137  12:51  Primal Swarm Host  
  143  13:07  Primal Drone  
  143  13:08  Primal Drone  
  145  13:28  Primal Hydralisk x4  
  145  13:29  Primal Hydralisk x4  
  157  13:56  Primal Hydralisk  
  157  13:59  Primal Hydralisk  
  161  14:00  Primal Hydralisk x2  
  161  14:01  Primal Zergling  
  166  14:22  Primal Hydralisk  
  166  14:23  Primal Hydralisk x2  
  172  14:50  Primal Hydralisk x3  
  178  15:17  Primal Zergling x5  
  178  15:18  Primal Zergling x7  
  190  15:39  Primal Hydralisk  
  192  15:40  Primal Hydralisk x2  
  187  16:19  Primal Zergling x3  
  183  16:59  Primal Zergling  
  184  17:00  Primal Zergling x7  
  184  17:01  Primal Zergling x9  
Show
View Real Time Build Order
Export as new Build Order

펜타네스트 Terran 

Build Orders:  

Get SALT Encoding   

Tags
 
Commander
DehakaRaynor
Matchup
Co-op
Replay Pack
Co-op Speedrun
Add a new tag
Caveats
  • Supply blocks, unpowered buildings, or Contaminate may cause inaccurate times.
  • Supply counts are checked every 10 seconds.